2181 views
Uploaded 2022-12-25 02:03:39
Game version 1.32.10
20:39 long 3on3 ladder game on (8)Battleground_LV
Saved by GIGA
2181 views
Uploaded 2022-12-25 02:03:39
Game version 1.32.10
20:39 long 3on3 ladder game on (8)Battleground_LV


82 units @ 6.9k
/ 0.6k
134 buildings @ 9.8k
/ 4.5k


| Peasant | 28 | 2100 | / | 0 |
| Mortar Team | 1 | 180 | / | 70 |
| Flying Machine | 14 | 1400 | / | 420 |
| Dragonhawk Rider | 1 | 200 | / | 30 |
| total: | 44 | 3880g | / | 520w |
| Scout Tower | 24 | 720 | / | 480 |
| Arcane Tower | 1 | 70 | / | 50 |
| Guard Tower | 9 | 630 | / | 450 |
| Altar of Kings | 2 | 360 | / | 100 |
| Farm | 18 | 1440 | / | 360 |
| Lumber Mill | 2 | 240 | / | 0 |
| Town Hall | 1 | 385 | / | 205 |
| Blacksmith | 1 | 140 | / | 60 |
| Arcane Vault | 1 | 130 | / | 30 |
| Workshop | 3 | 420 | / | 420 |
| Gryphon Aviary | 1 | 140 | / | 150 |
| Keep | 1 | 320 | / | 210 |
| Castle | 1 | 360 | / | 210 |
| total: | 53 | 3975g | / | 1805w |
| 0:03 | Peasant |
| 0:05 | Peasant |
| 0:09 | Altar of Kings |
| 0:11 | Peasant |
| 0:19 | Farm |
| 0:21 | Peasant |
| 0:34 | Lumber Mill |
| 0:35 | Peasant |
| 0:42 | Peasant |
| 0:53 | Farm |
| 1:08 | Peasant |
| 1:12 | Scout Tower |
| 1:31 | Peasant |
| 1:38 | Peasant |
| 1:42 | Improved Lumber Harvesting |
| 1:51 | Peasant |
| 1:51 | Peasant |
| 1:59 | Peasant |
| 2:03 | Arcane Tower |
| 2:17 | Peasant |
| 2:29 | Scout Tower |
| 2:31 | Scout Tower |
| 2:36 | Storm Bolt |
| 2:38 | Peasant |
| 3:24 | Guard Tower |
| 3:27 | Scout Tower |
| 3:28 | Scout Tower |
| 3:30 | Scout Tower |
| 3:31 | Scout Tower |
| 3:33 | Scout Tower |
| 3:35 | Scout Tower |
| 3:57 | Town Hall |
| 4:00 | Guard Tower |
| 4:03 | Scout Tower |
| 4:06 | Guard Tower |
| 4:13 | Scout Tower |
| 4:15 | Peasant |
| 4:16 | Peasant |
| 4:16 | Peasant |
| 4:30 | Guard Tower |
| 4:32 | Scout Tower |
| 4:34 | Scout Tower |
| 4:48 | Peasant |
| 4:48 | Peasant |
| 4:56 | Farm |
| 4:58 | Farm |
| 5:14 | Guard Tower |
| 5:16 | Peasant |
| 5:19 | Peasant |
| 5:24 | Guard Tower |
| 6:08 | Keep |
| 6:18 | Blacksmith |
| 6:23 | Scout Tower |
| 6:25 | Scout Tower |
| 6:25 | Scout Tower |
| 6:26 | Scout Tower |
| 7:01 | Improved Masonry |
| 7:14 | Guard Tower |
| 7:16 | Scout Tower |
| 7:17 | Scout Tower |
| 7:23 | Guard Tower |
| 7:51 | Black Gunpowder |
| 8:28 | Castle |
| 8:33 | Advanced Masonry |
| 8:33 | Advanced Lumber Harvesting |
| 8:43 | Scout Tower |
| 8:46 | Scout Tower |
| 8:51 | Workshop |
| 8:53 | Workshop |
| 8:56 | Refined Gunpowder |
| 9:03 | Workshop |
| 9:26 | Iron Plating |
| 9:51 | Holy Light |
| 9:57 | Altar of Kings |
| 10:00 | Farm |
| 10:01 | Farm |
| 10:01 | Farm |
| 10:02 | Farm |
| 10:05 | Flak Cannons |
| 10:05 | Flare |
| 10:09 | Guard Tower |
| 10:50 | Arcane Vault |
| 10:54 | Lumber Mill |
| 11:08 | Fragmentation Shards |
| 11:08 | Flying Machine Bombs |
| 11:08 | Mortar Team |
| 11:13 | Imbued Gunpowder |
| 11:14 | Steel Plating |
| 11:35 | Peasant |
| 11:35 | Peasant |
| 11:35 | Peasant |
| 11:35 | Peasant |
| 11:36 | Peasant |
| 11:36 | Peasant |
| 11:36 | Peasant |
| 12:50 | Imbued Masonry |
| 13:26 | Flying Machine |
| 13:26 | Flying Machine |
| 13:27 | Flying Machine |
| 13:27 | Flying Machine |
| 13:28 | Flying Machine |
| 13:48 | Gryphon Aviary |
| 14:00 | Farm |
| 14:02 | Farm |
| 14:03 | Farm |
| 14:05 | Farm |
| 14:06 | Farm |
| 14:42 | Flying Machine |
| 14:43 | Flying Machine |
| 15:10 | Flying Machine |
| 15:17 | Farm |
| 15:35 | Flying Machine |
| 15:35 | Flying Machine |
| 16:01 | Scout Tower |
| 16:02 | Scout Tower |
| 16:03 | Scout Tower |
| 16:25 | Flying Machine |
| 16:25 | Flying Machine |
| 16:32 | Flying Machine |
| 16:33 | Flying Machine |
| 16:35 | Cloud |
| 16:36 | Dragonhawk Rider |
| 16:53 | Mithril Plating |
| 17:15 | Farm |
| 17:16 | Farm |
| 17:16 | Farm |
| 17:17 | Farm |
| Right click | 571 |
| Select group | 408 |
| Select | 261 |
| Build/train/purchase | 86 |
| Assign group | 17 |
| Resource trade | 12 |
| Misc. action | 9 |
| Minimap ping | 6 |
| Use ability | 4 |
| Esc | 3 |
GIGA
(207)
(20:31) : 
| Healing Salve | 3 | 300 |
| Lesser Clarity Potion | 3 | 210 |
| Potion of Mana | 1 | 200 |
| Scroll of Town Portal | 1 | 350 |
| Boots of Speed | 1 | 250 |
| Staff of Teleportation | 1 | 150 |
| Orb of Fire | 1 | 325 |
| total: | 11 | 1785g |
| Peon | 20 | 1500 | / | 0 |
| Troll Witch Doctor | 2 | 290 | / | 50 |
| total: | 22 | 1790g | / | 50w |
| Watch Tower | 11 | 1210 | / | 880 |
| Altar of Storms | 2 | 360 | / | 100 |
| Orc Burrow | 4 | 640 | / | 160 |
| War Mill | 2 | 410 | / | 0 |
| Voodoo Lounge | 2 | 260 | / | 60 |
| Great Hall | 1 | 385 | / | 185 |
| Spirit Lodge | 1 | 150 | / | 150 |
| Stronghold | 1 | 315 | / | 190 |
| Fortress | 1 | 325 | / | 190 |
| total: | 23 | 3415g | / | 1535w |
| 0:03 | Peon |
| 0:03 | Peon |
| 0:10 | Altar of Storms |
| 0:13 | Orc Burrow |
| 0:15 | Peon |
| 0:33 | Peon |
| 0:53 | War Mill |
| 0:56 | Peon |
| 1:11 | Voodoo Lounge |
| 1:17 | Peon |
| 1:27 | Peon |
| 2:00 | Peon |
| 2:00 | Peon |
| 2:00 | Peon |
| 2:00 | Peon |
| 2:07 | Orc Burrow |
| 2:18 | Healing Salve |
| 2:19 | Lesser Clarity Potion |
| 2:22 | Peon |
| 2:27 | Watch Tower |
| 2:29 | Peon |
| 2:39 | Peon |
| 2:50 | Wind Walk |
| 3:10 | Peon |
| 3:10 | Peon |
| 3:11 | Peon |
| 3:11 | Peon |
| 4:48 | Bash |
| 4:49 | Bash |
| 4:51 | Critical Strike |
| 4:53 | Voodoo Lounge |
| 4:56 | Watch Tower |
| 5:11 | Peon |
| 5:11 | Peon |
| 6:24 | Healing Salve |
| 6:24 | Lesser Clarity Potion |
| 6:31 | Watch Tower |
| 6:37 | Watch Tower |
| 6:38 | Watch Tower |
| 6:39 | Watch Tower |
| 8:48 | Watch Tower |
| 8:49 | Watch Tower |
| 9:09 | Great Hall |
| 9:58 | Boots of Speed |
| 9:58 | Staff of Teleportation |
| 11:23 | Wind Walk |
| 12:53 | Scroll of Town Portal |
| 14:02 | Stronghold |
| 14:40 | Orb of Fire |
| 15:12 | War Mill |
| 17:00 | Altar of Storms |
| 17:02 | Spirit Lodge |
| 17:04 | Orc Burrow |
| 17:10 | Orc Burrow |
| 17:20 | Healing Salve |
| 18:29 | Critical Strike |
| 19:08 | Fortress |
| 19:09 | Witch Doctor Adept Training |
| 19:10 | Troll Witch Doctor |
| 19:10 | Troll Witch Doctor |
| 19:27 | Watch Tower |
| 19:28 | Watch Tower |
| 19:30 | Reinforced Defenses |
| 19:33 | Watch Tower |
| 19:37 | Potion of Mana |
| 19:40 | Lesser Clarity Potion |
| 19:52 | Brilliance Aura |
| Right click | 1510 |
| Select | 195 |
| Build/train/purchase | 95 |
| Select group | 90 |
| Resource trade | 59 |
| Use ability | 17 |
| Minimap ping | 8 |
| Assign group | 5 |
| Misc. action | 3 |
| Item give/drop | 3 |
| Esc | 3 |


| Peasant | 16 | 1200 | / | 0 |
| total: | 16 | 1200g | / | 0w |
| Scout Tower | 51 | 1530 | / | 1020 |
| Arcane Tower | 10 | 700 | / | 500 |
| Guard Tower | 21 | 1470 | / | 1050 |
| Altar of Kings | 2 | 360 | / | 100 |
| Farm | 3 | 240 | / | 60 |
| Lumber Mill | 2 | 240 | / | 0 |
| Keep | 1 | 320 | / | 210 |
| Castle | 1 | 360 | / | 210 |
| total: | 58 | 2370g | / | 1180w |
| 0:08 | Altar of Kings |
| 0:10 | Altar of Kings |
| 0:13 | Farm |
| 0:14 | Peasant |
| 0:31 | Peasant |
| 0:42 | Peasant |
| 0:54 | Lumber Mill |
| 1:03 | Peasant |
| 1:20 | Farm |
| 1:29 | Peasant |
| 1:29 | Peasant |
| 1:51 | Peasant |
| 1:56 | Peasant |
| 1:57 | Improved Lumber Harvesting |
| 2:03 | Scout Tower |
| 2:08 | Peasant |
| 2:16 | Storm Bolt |
| 2:21 | Peasant |
| 2:32 | Arcane Tower |
| 2:34 | Scout Tower |
| 2:39 | Farm |
| 3:25 | Guard Tower |
| 3:27 | Scout Tower |
| 3:29 | Peasant |
| 3:29 | Peasant |
| 3:46 | Scout Tower |
| 4:08 | Scout Tower |
| 4:12 | Scout Tower |
| 4:20 | Improved Masonry |
| 4:30 | Guard Tower |
| 4:35 | Peasant |
| 4:35 | Peasant |
| 4:40 | Guard Tower |
| 4:43 | Scout Tower |
| 4:50 | Peasant |
| 4:56 | Scout Tower |
| 5:01 | Scout Tower |
| 5:10 | Scout Tower |
| 5:10 | Scout Tower |
| 5:12 | Scout Tower |
| 5:14 | Guard Tower |
| 5:17 | Scout Tower |
| 5:28 | Peasant |
| 5:33 | Guard Tower |
| 5:35 | Scout Tower |
| 5:39 | Scout Tower |
| 5:42 | Guard Tower |
| 5:48 | Scout Tower |
| 5:50 | Guard Tower |
| 5:52 | Guard Tower |
| 5:55 | Scout Tower |
| 6:04 | Keep |
| 6:13 | Guard Tower |
| 6:16 | Scout Tower |
| 6:17 | Guard Tower |
| 6:21 | Scout Tower |
| 6:25 | Scout Tower |
| 6:28 | Guard Tower |
| 6:31 | Scout Tower |
| 6:32 | Scout Tower |
| 6:43 | Guard Tower |
| 6:44 | Guard Tower |
| 6:48 | Scout Tower |
| 6:49 | Scout Tower |
| 6:51 | Guard Tower |
| 6:56 | Scout Tower |
| 6:56 | Scout Tower |
| 7:02 | Scout Tower |
| 7:06 | Scout Tower |
| 7:18 | Guard Tower |
| 7:22 | Arcane Tower |
| 7:27 | Scout Tower |
| 7:31 | Scout Tower |
| 7:35 | Scout Tower |
| 7:37 | Arcane Tower |
| 7:39 | Arcane Tower |
| 8:10 | Guard Tower |
| 8:13 | Scout Tower |
| 8:14 | Scout Tower |
| 8:15 | Scout Tower |
| 8:44 | Scout Tower |
| 8:46 | Scout Tower |
| 8:47 | Scout Tower |
| 8:55 | Advanced Masonry |
| 9:16 | Guard Tower |
| 9:18 | Guard Tower |
| 9:21 | Scout Tower |
| 9:25 | Arcane Tower |
| 9:27 | Arcane Tower |
| 9:28 | Guard Tower |
| 9:30 | Scout Tower |
| 9:30 | Scout Tower |
| 9:31 | Scout Tower |
| 9:40 | Castle |
| 9:49 | Guard Tower |
| 10:00 | Holy Light |
| 10:14 | Arcane Tower |
| 10:15 | Guard Tower |
| 10:21 | Scout Tower |
| 10:24 | Arcane Tower |
| 10:27 | Scout Tower |
| 10:28 | Scout Tower |
| 10:29 | Scout Tower |
| 10:29 | Scout Tower |
| 11:23 | Arcane Tower |
| 11:28 | Scout Tower |
| 11:29 | Scout Tower |
| 11:30 | Scout Tower |
| 11:31 | Scout Tower |
| 11:31 | Scout Tower |
| 11:51 | Lumber Mill |
| 12:23 | Imbued Masonry |
| 13:39 | Arcane Tower |
| 19:07 | Divine Shield |
| 19:08 | Divine Shield |
| 19:18 | Storm Bolt |
| Right click | 663 |
| Select | 173 |
| Select group | 121 |
| Build/train/purchase | 82 |
| Misc. action | 34 |
| Use ability | 23 |
| Resource trade | 19 |
| Assign group | 7 |
| Minimap ping | 3 |
| Esc | 2 |
136 units @ 16.6k
/ 2.4k
68 buildings @ 10.8k
/ 5.1k



| Peon | 17 | 1275 | / | 0 |
| Troll Headhunter | 12 | 1680 | / | 240 |
| Troll Batrider | 10 | 1600 | / | 400 |
| Demolisher | 4 | 880 | / | 200 |
| total: | 43 | 5435g | / | 840w |
| Watch Tower | 13 | 1430 | / | 1040 |
| Altar of Storms | 1 | 180 | / | 50 |
| Orc Burrow | 8 | 1280 | / | 320 |
| War Mill | 1 | 205 | / | 0 |
| Barracks | 2 | 360 | / | 100 |
| Voodoo Lounge | 1 | 130 | / | 30 |
| Great Hall | 2 | 770 | / | 370 |
| Spirit Lodge | 1 | 150 | / | 150 |
| Beastiary | 2 | 290 | / | 280 |
| Stronghold | 1 | 315 | / | 190 |
| Fortress | 1 | 325 | / | 190 |
| total: | 31 | 4795g | / | 2340w |
| 0:01 | Peon |
| 0:05 | Altar of Storms |
| 0:16 | Peon |
| 0:19 | Orc Burrow |
| 0:25 | Peon |
| 0:43 | Peon |
| 0:48 | War Mill |
| 0:57 | Peon |
| 1:09 | Barracks |
| 1:19 | Peon |
| 1:33 | Orc Burrow |
| 2:10 | Feral Spirit |
| 2:11 | Troll Headhunter |
| 2:23 | Troll Headhunter |
| 2:34 | Troll Headhunter |
| 2:57 | Stronghold |
| 3:03 | Voodoo Lounge |
| 3:13 | Troll Headhunter |
| 3:30 | Troll Headhunter |
| 3:33 | Chain Lighting |
| 3:52 | Troll Headhunter |
| 4:01 | Orc Burrow |
| 4:34 | Troll Headhunter |
| 4:50 | Troll Headhunter |
| 5:08 | Troll Headhunter |
| 5:11 | Steel Ranged Weapons |
| 5:32 | Feral Spirit |
| 6:08 | Troll Headhunter |
| 6:12 | Spirit Lodge |
| 6:13 | Beastiary |
| 6:22 | Troll Headhunter |
| 6:23 | Endurance Aura |
| 6:32 | Troll Headhunter |
| 6:47 | Troll Regeneration |
| 6:57 | Orc Burrow |
| 8:27 | Shockwave |
| 8:52 | Fortress |
| 8:55 | Troll Batrider |
| 8:57 | Shaman Adept Training |
| 9:24 | Chain Lighting |
| 9:44 | Great Hall |
| 9:55 | Watch Tower |
| 10:21 | Watch Tower |
| 10:23 | Watch Tower |
| 10:25 | Watch Tower |
| 10:30 | Watch Tower |
| 10:32 | Watch Tower |
| 11:28 | Watch Tower |
| 11:36 | Peon |
| 11:36 | Peon |
| 12:08 | Great Hall |
| 12:13 | Healing Wave |
| 12:24 | Burning Oil |
| 12:25 | Demolisher |
| 13:00 | Peon |
| 13:00 | Peon |
| 13:05 | Orc Burrow |
| 13:33 | Demolisher |
| 13:39 | Orc Burrow |
| 14:18 | Demolisher |
| 14:21 | Troll Batrider |
| 14:21 | Troll Batrider |
| 14:21 | Troll Batrider |
| 14:27 | Peon |
| 14:27 | Peon |
| 14:27 | Peon |
| 14:45 | Endurance Aura |
| 14:58 | Peon |
| 14:58 | Peon |
| 14:58 | Peon |
| 14:58 | Peon |
| 15:34 | Liquid Fire |
| 15:35 | Demolisher |
| 15:39 | Beastiary |
| 16:26 | Barracks |
| 16:29 | Berserker Upgrade |
| 16:33 | Troll Batrider |
| 17:24 | Watch Tower |
| 17:25 | Watch Tower |
| 17:27 | Watch Tower |
| 17:28 | Watch Tower |
| 17:30 | Watch Tower |
| 17:31 | Watch Tower |
| 17:45 | Troll Batrider |
| 17:52 | Orc Burrow |
| 17:54 | Orc Burrow |
| 19:24 | Troll Batrider |
| 19:24 | Troll Batrider |
| 20:03 | Troll Batrider |
| 20:04 | Troll Batrider |
| Right click | 560 |
| Select group | 278 |
| Select | 266 |
| Build/train/purchase | 83 |
| Assign group | 76 |
| Use ability | 61 |
| Misc. action | 59 |
| Chat | 22 |
| Item give/drop | 1 |
| Remove unit | 1 |


| Scroll of Town Portal | 1 | 350 |
| total: | 1 | 350g |
| Wisp | 32 | 1920 | / | 0 |
| Archer | 5 | 650 | / | 50 |
| Huntress | 3 | 585 | / | 60 |
| Glaive Thrower | 9 | 1890 | / | 585 |
| total: | 49 | 5045g | / | 695w |
| Ancient Protector | 9 | 1215 | / | 720 |
| Ancient of War | 1 | 150 | / | 60 |
| Moon Well | 5 | 900 | / | 200 |
| Altar of Elders | 1 | 180 | / | 50 |
| Hunter's Hall | 1 | 210 | / | 100 |
| Tree of Life | 1 | 340 | / | 185 |
| Ancient of Wonders | 1 | 90 | / | 30 |
| Ancient of Lore | 2 | 310 | / | 290 |
| Tree of Ages | 1 | 320 | / | 180 |
| Tree of Eternity | 1 | 330 | / | 200 |
| total: | 21 | 3395g | / | 1635w |
| 0:01 | Wisp |
| 0:02 | Wisp |
| 0:07 | Ancient of War |
| 0:18 | Moon Well |
| 0:23 | Wisp |
| 0:38 | Wisp |
| 1:01 | Wisp |
| 1:01 | Wisp |
| 1:03 | Altar of Elders |
| 1:08 | Archer |
| 1:10 | Wisp |
| 1:20 | Archer |
| 1:22 | Wisp |
| 1:41 | Moon Well |
| 1:46 | Wisp |
| 2:00 | Archer |
| 2:22 | Wisp |
| 2:35 | Breath of Fire |
| 2:38 | Archer |
| 3:01 | Moon Well |
| 3:05 | Hunter's Hall |
| 3:15 | Archer |
| 3:27 | Wisp |
| 3:52 | Drunken Brawler |
| 3:56 | Tree of Ages |
| 4:24 | Huntress |
| 4:43 | Huntress |
| 4:45 | Moon Well |
| 4:48 | Moon Well |
| 5:12 | Tree of Life |
| 6:04 | Breath of Fire |
| 6:13 | Huntress |
| 6:19 | Ancient of Lore |
| 6:46 | Ancient of Lore |
| 7:10 | Ancient of Wonders |
| 7:20 | Entangling Roots |
| 8:27 | Glaive Thrower |
| 8:27 | Glaive Thrower |
| 9:32 | Ancient Protector |
| 9:35 | Ancient Protector |
| 9:43 | Ancient Protector |
| 9:59 | Wisp |
| 9:59 | Wisp |
| 9:59 | Wisp |
| 9:59 | Wisp |
| 9:59 | Wisp |
| 10:02 | Ancient Protector |
| 10:05 | Ancient Protector |
| 10:27 | Wisp |
| 10:28 | Wisp |
| 10:28 | Wisp |
| 10:28 | Wisp |
| 11:28 | Ancient Protector |
| 11:32 | Ancient Protector |
| 11:36 | Drunken Brawler |
| 12:00 | Ancient Protector |
| 12:15 | Wisp |
| 12:16 | Wisp |
| 12:16 | Wisp |
| 12:16 | Wisp |
| 12:16 | Wisp |
| 12:21 | Ancient Protector |
| 12:35 | Vorpal Blades |
| 12:58 | Wisp |
| 12:58 | Wisp |
| 12:59 | Wisp |
| 13:02 | Force of Nature |
| 13:19 | Glaive Thrower |
| 13:20 | Wisp |
| 13:30 | Wisp |
| 14:20 | Glaive Thrower |
| 15:59 | Glaive Thrower |
| 15:59 | Glaive Thrower |
| 16:07 | Wisp |
| 16:07 | Wisp |
| 17:04 | Glaive Thrower |
| 17:08 | Strength of the Moon |
| 17:08 | Moon Armor |
| 17:27 | Scroll of Town Portal |
| 17:31 | Tree of Eternity |
| 17:35 | Glaive Thrower |
| 17:57 | Glaive Thrower |
| Right click | 1002 |
| Select | 424 |
| Assign group | 218 |
| Build/train/purchase | 69 |
| Use ability | 31 |
| Select group | 29 |
| Misc. action | 11 |
| Resource trade | 11 |
| Minimap ping | 4 |
| Item give/drop | 1 |

| Orb of Venom | 1 | 325 |
| Scroll of Town Portal | 1 | 350 |
| Circlet of Nobility | 1 | 175 |
| Potion of Lesser Invulnerability | 1 | 150 |
| total: | 4 | 1000g |
| Wisp | 16 | 960 | / | 0 |
| Archer | 4 | 520 | / | 40 |
| Mountain Giant | 4 | 1400 | / | 400 |
| Hippogryph | 19 | 3040 | / | 380 |
| Glaive Thrower | 1 | 210 | / | 65 |
| total: | 44 | 6130g | / | 885w |
| Altar of Elders | 1 | 180 | / | 50 |
| Moon Well | 7 | 1260 | / | 280 |
| Ancient of War | 1 | 150 | / | 60 |
| Ancient of Wonders | 2 | 180 | / | 60 |
| Hunter's Hall | 1 | 210 | / | 100 |
| Ancient of Lore | 2 | 310 | / | 290 |
| Ancient of Wind | 2 | 300 | / | 280 |
| Tree of Ages | 2 | 640 | / | 360 |
| Tree of Eternity | 2 | 660 | / | 400 |
| total: | 16 | 2590g | / | 1120w |
| 0:01 | Wisp |
| 0:01 | Wisp |
| 0:14 | Altar of Elders |
| 0:19 | Moon Well |
| 0:22 | Wisp |
| 0:33 | Ancient of War |
| 0:36 | Wisp |
| 0:36 | Wisp |
| 0:47 | Wisp |
| 0:48 | Wisp |
| 0:48 | Wisp |
| 1:04 | Wisp |
| 1:05 | Wisp |
| 1:22 | Wisp |
| 1:36 | Archer |
| 1:43 | Moon Well |
| 1:55 | Wisp |
| 2:08 | Ancient of Wonders |
| 2:17 | Entangling Roots |
| 2:39 | Tree of Ages |
| 2:40 | Archer |
| 2:50 | Archer |
| 3:02 | Moon Well |
| 3:26 | Archer |
| 3:43 | Hunter's Hall |
| 3:52 | Moon Well |
| 4:27 | Force of Nature |
| 4:40 | Circlet of Nobility |
| 4:51 | Ultravision |
| 4:56 | Ancient of Wonders |
| 5:01 | Ancient of Lore |
| 5:02 | Ancient of Lore |
| 5:03 | Wisp |
| 5:04 | Wisp |
| 5:04 | Wisp |
| 5:56 | Tree of Eternity |
| 5:57 | Reinforced Hides |
| 6:03 | Entangling Roots |
| 6:24 | Mountain Giant |
| 6:50 | Mountain Giant |
| 7:13 | Improved Reinforced Hides |
| 8:18 | Hardened Skin |
| 8:18 | Resistant Skin |
| 8:36 | Advanced Reinforced Hides |
| 8:40 | Mountain Giant |
| 9:30 | Force of Nature |
| 9:36 | Wisp |
| 9:39 | Ancient of Wind |
| 9:39 | Ancient of Wind |
| 9:58 | Mountain Giant |
| 10:53 | Moon Well |
| 10:54 | Moon Well |
| 11:27 | Nature's Blessing |
| 11:48 | Hippogryph |
| 11:48 | Hippogryph |
| 11:49 | Hippogryph |
| 12:51 | Hippogryph |
| 13:10 | Hippogryph |
| 13:12 | Hippogryph |
| 13:12 | Hippogryph |
| 13:13 | Hippogryph |
| 13:38 | Hippogryph |
| 14:02 | Moon Well |
| 14:35 | Potion of Lesser Invulnerability |
| 14:55 | Hippogryph |
| 15:21 | Hippogryph |
| 15:46 | Hippogryph |
| 16:22 | Hippogryph |
| 18:42 | Scroll of Town Portal |
| 18:43 | Orb of Venom |
| 18:47 | Glaive Thrower |
| 18:53 | Hippogryph |
| 18:54 | Hippogryph |
| 19:17 | Hippogryph |
| 19:17 | Hippogryph |
| 19:46 | Entangling Roots |
| 19:52 | Hippogryph |
| 20:14 | Hippogryph |
| Right click | 949 |
| Select group | 839 |
| Select | 340 |
| Misc. action | 145 |
| Build/train/purchase | 88 |
| Assign group | 50 |
| Use ability | 45 |
| Resource trade | 11 |
| Item give/drop | 8 |
| Minimap ping | 7 |
| Esc | 2 |